 Dungeon Crawl Stone Soup version 0.29-a0-529-gfa20dd96a1 (webtiles) character file.

Game seed: 3364607610235682673

1157 kyalle the Spear-Bearer (level 8, -10/64 (69) HPs)
             Began as a Naga Fighter on June 1, 2022.
             Mangled by a gnoll
             ... wielding a +2 spear of distortion
              (21 damage)
             ... on level 5 of the Dungeon.
             The game lasted 00:16:54 (5559 turns).

kyalle the Spear-Bearer (Naga Fighter)              Turns: 5559, Time: 00:16:57

HP:   -10/64 (69)   AC: 11    Str: 26    XL:     8   Next: 39%
MP:   8/8           EV: 11    Int:  9    God:
Gold: 141           SH:  4    Dex: 11    Spells: 7/7 levels left

rFire   . . .      SeeInvis +   a - +1 trident
rCold   . . .      Faith    .   c - +0 buckler
rNeg    . . .      Spirit   .   b - +0 scale mail
rPois   +          Reflect  .   y - +0 helmet
rElec   .          Harm     .   A - +0 cloak
rCorr   .          Rampage  .   l - +0 pair of gloves
Will    +....                   (no barding)
Stlth   ..........              (no amulet)
HPRegen 0.20/turn               j - +4 ring of evasion
MPRegen 0.11/turn               e - +6 ring of strength

@: studying Armour, drained, very slow
A: AC +2, large, see invisible, deformed body, poison resistance, slowness 2,
spit poison 1, naga tail 1
a: Spit Poison


You were on level 5 of the Dungeon.
You visited 1 branch of the dungeon, and saw 5 of its levels.

You collected 222 gold pieces.
You spent 81 gold pieces at shops.

Inventory:

Hand Weapons
 a - a +1 trident (weapon)
Armour
 b - a +0 scale mail (worn)
 c - a +0 buckler (worn)
 l - a +0 pair of gloves (worn)
 y - a +0 helmet (worn)
 A - a +0 cloak (worn)
Jewellery
 e - a +6 ring of strength (right hand)
 f - a ring of protection from fire
 j - a +4 ring of evasion (left hand)
 k - a ring of resist corrosion
Scrolls
 n - a scroll of fear {unknown}
 q - 2 scrolls of teleportation
 v - a scroll of poison
 w - a scroll of vulnerability {unknown}
 x - a scroll of enchant armour {unknown}
Potions
 d - 2 potions of might
 g - a potion of ambrosia {unknown}
 h - a potion of haste {unknown}
 i - 3 potions of degeneration
 m - a potion of heal wounds {unknown}
 o - 2 potions of attraction
 p - a potion of cancellation {unknown}
 r - 2 potions of magic
 s - a potion of berserk rage {unknown}
 t - a potion of brilliance {unknown}
 u - a potion of resistance
 z - a potion of flight {unknown}


   Skills:
 - Level 3.0 Fighting
 * Level 8.6 Polearms
 + Level 6.2 Armour
 - Level 2.6 Shields


You had 7 spell levels left.
You didn't know any spells.
Your spell library contained the following spells:

 Spells                   Type           Power      Damage    Failure   Level
 Blink                    Tloc           0%         N/A       85%         2
 Lesser Beckoning         Tloc           0%         N/A       97%         3
 Manifold Assault         Tloc           0%         N/A       100%        5


Dungeon Overview and Level Annotations

Branches:
Dungeon (5/15)             Temple (0/1) D:5

Altars:
Elyvilon
Nemelex Xobeh

Shops:
D:2 [   D:4 [

Portals:
Abyss: D:5

Annotations:
D:5 1 transporter, om's ghost, amateur GrEE


Innate Abilities, Weirdness & Mutations

Your serpentine skin is tough. (AC +2)
You have supernaturally acute eyesight. (SInv)
Armour fits poorly on your strangely shaped body.
Your system is resistant to poisons. (rPois)
You cover ground very slowly.
You can spit poison.
You have a snake-like lower body.


Message History

Om's ghost closely misses you.
The ufetubus hits you but does no damage.
You block the ufetubus's attack. Om's ghost closely misses you.
The ufetubus hits you but does no damage.
You block the ufetubus's attack.
You hit om's ghost.
Om's ghost is moderately damaged.
You block om's ghost's attack. The gnoll hits you but does no damage.
Space warps horribly around you!
The ufetubus hits you but does no damage. x2
You hit the ufetubus but do no damage. The ufetubus closely misses you.
The ufetubus hits you. Om's ghost hits you but does no damage.
You feel drained. The gnoll hits you but does no damage.
You blink.
Om's ghost gestures at you while chanting.
The blast of sand hits you but does no damage.
You block the ufetubus's attack.
The ufetubus hits you but does no damage.
Om's ghost points at you and mumbles some strange words.
The blast of sand hits you. The ufetubus closely misses you.
The ufetubus hits you but does no damage.
There is a one-way gate to the infinite horrors of the Abyss here.
The ufetubus hits you. The ufetubus closely misses you.
The gnoll hits you from afar with a +2 spear of distortion.
The ufetubus hits you but does no damage.
The ufetubus barely misses you. The gnoll completely misses you.
The ufetubus attacks as you move away!
The ufetubus hits you but does no damage.
The ufetubus hits you.
* * * LOW HITPOINT WARNING * * *
The ufetubus barely misses you.
The ufetubus hits you but does no damage.
The white imp shouts!
The ufetubus closely misses you. x2
The white imp hits you but does no damage.
The ufetubus hits you but does no damage.
The ufetubus closely misses you.
The gnoll hits you from afar with a +2 spear of distortion!
* * * LOW HITPOINT WARNING * * *
Space warps horribly around you!!
You die...

...####....###.......
####.?##..##©#........
##......#..##.#...####.
#...#.)##..##.##....
##.∩.###...##.. .....
##..#....##.#5 .....
#Wg##.### !.# #.##5####..#
...#.. #.@5..#. #..##.
####..#.# ..... #...## ##
......##........ #... .#
####...##....... #...###.
##..# ...#.......
#...#.x###...###.##.......
##...####(......###........
#......©.........©.........
#..........................


You could see om's ghost, a gnoll, a white imp and an ufetubus.

Vanquished Creatures
  Edmund (D:5)
  Menkaure (D:5)
  An ice beast (D:5)
  A centaur (D:5)
  2 ogres
  A phantom (D:5)
  A necrophage (D:4)
  2 scorpions (D:5)
  An orc priest (D:5)
  3 iguanas
  Jessica (D:2)
  3 orc wizards
  6 adders
  A worm (D:3)
  A dart slug (D:4)
  15 orcs
  3 bats (D:2)
  2 endoplasms (D:1)
  6 giant cockroaches
  3 goblins
  7 hobgoblins
  6 jackals
  12 kobolds
  7 quokkas
  7 ball pythons
  4 frilled lizards (D:1)
  3 rats
101 creatures vanquished.

Notes
Turn   | Place    | Note
-------+----------+-------------------------------------------
     0 | D:1      | kyalle the Naga Fighter began the quest for the Orb.
     0 | D:1      | Reached XP level 1. HP: 21/21 MP: 1/1
   352 | D:1      | Reached XP level 2. HP: 23/28 MP: 2/2
   663 | D:1      | Reached skill level 3 in Polearms
  1002 | D:1      | Reached XP level 3. HP: 32/34 MP: 3/3
  1441 | D:2      | Reached skill level 4 in Polearms
  1451 | D:2      | Reached XP level 4. HP: 32/42 MP: 4/4
  1550 | D:2      | Found a faded altar of an unknown god.
  1892 | D:2      | Found Ehuzu's Antique Armour Shop.
  1956 | D:2      | Found a sparkling altar of Nemelex Xobeh.
  1994 | D:2      | Noticed Jessica
  2002 | D:2      | Killed Jessica
  2344 | D:3      | Identified a scroll of acquirement
  2344 | D:3      | Acquired a +6 ring of strength
  2514 | D:3      | Reached skill level 5 in Polearms
  2514 | D:3      | Reached XP level 5. HP: 47/49 MP: 5/5
  2534 | D:3      | Found a white marble altar of Elyvilon.
  3000 | D:3      | Acquired a manual of Armour
  3230 | D:4      | Found Elaolefu's Antique Armour Emporium.
  3455 | D:4      | Noticed an ogre
  3462 | D:4      | Killed an ogre
  3463 | D:4      | Reached XP level 6. HP: 19/56 MP: 6/6
  3903 | D:4      | Reached skill level 6 in Polearms
  4343 | D:4      | Bought a cloak for 81 gold pieces
  4352 | D:5      | Entered Level 5 of the Dungeon
  4708 | D:5      | Found a transporter.
  4716 | D:5      | Found a one-way gate to the infinite horrors of the Abyss.
  4716 | D:5      | Noticed om's ghost (amateur GrEE)
  4718 | D:5      | Noticed a small abomination
  4732 | D:5      | Reached XP level 7. HP: 62/62 MP: 7/7
  4769 | D:5      | Reached skill level 7 in Polearms
  4820 | D:5      | Noticed Edmund
  4833 | D:5      | Killed Edmund
  4834 | D:5      | Reached skill level 5 in Armour
  5030 | D:5      | Found a staircase to the Ecumenical Temple.
  5055 | D:5      | Reached skill level 8 in Polearms
  5055 | D:5      | Reached XP level 8. HP: 45/69 MP: 8/8
  5280 | D:5      | Noticed Menkaure
  5296 | D:5      | Killed Menkaure
  5525 | D:5      | Found a transporter.
  5559 | D:5      | Mangled by a gnoll

Illustrated notes

Levels and vault maps discovered:
D:1:      erik_arrival_orb_chamber, layout_loops_ring, minmay_tiny_reverse_x
D:2:      layout_basic, ebering_ecumenical_altar_hall, serial_shops, shop,
          basic_altar, uniq_jessica
D:3:      layout_basic, mainiacjoe_overflow_concentric_impassable, serial_glass,
          glass_columns_a, glass_columns_a, glass_columns_a, glass_columns_c,
          glass_columns_b, glass_columns_a
D:4:      minmay_evil_eye, layout_loops_corners, serial_shops,
          nicolae_stop_n_shop_1
D:5:      layout_basic, minmay_temple_entry_statues_fountains,
          gammafunk_ghost_abyssal_escape, uniq_menkaure, uniq_edmund

Skill      XL: |  1  2  3  4  5  6  7  8 |
---------------+-------------------------+-----
Polearms       | 3 4 5 6 8 |  8.6
Armour         | 3 4 5 6 |  6.2
Fighting       | |  3.0
Shields        | |  2.6

Action                   |  1- 3 |  4- 6 |  7- 9 || total
-------------------------+-------+-------+-------++-------
Melee: Trident           |   101 |   178 |   104 ||   383
 Abil: Spit Poison       |     5 |     1 |     2 ||     8
  Use: Scroll            |       |     9 |     1 ||    10
       Potion            |       |       |     1 ||     1
Armor: Scale mail        |    47 |    62 |    57 ||   166
Dodge: Dodged            |    38 |    68 |    76 ||   182
Block: Buckler           |    22 |    27 |    23 ||    72

Table legend: (Time is in decaauts)
 A = Elapsed time spent in this place.
 B = Non-inter-level travel time spent in this place.
 C = Inter-level travel time spent in this place.
 D = Time resting spent in this place.
 E = Time spent auto-exploring this place.
 F = Levels seen in this place.
 G = Mean time per level.
                   A        B        C        D        E       F      G
               +--------+--------+--------+--------+--------+-----+--------+
         Total |   6830 |   6545 |    285 |      0 |   5187 |   5 | 1366.0 |
       Dungeon |   6830 |   6545 |    285 |      0 |   5187 |   5 | 1366.0 |
               +--------+--------+--------+--------+--------+-----+--------+

Top non-repeatable levels by time:
     D:4: 1765 daAuts
     D:1: 1488 daAuts
     D:2: 1454 daAuts
     D:5: 1244 daAuts
     D:3: 878 daAuts
